 Dungeon Crawl Stone Soup version 0.28.0 (webtiles) character file.

Game seed: 4074342871843912856

12 trckry the Conjurer (level 2, -3/20 HPs)
             Began as a Draconian Conjurer on Feb 7, 2022.
             Slain by a scorpion (6 damage)
             ... on level 1 of the Dungeon on Feb 8, 2022.
             The game lasted 00:02:40 (626 turns).

trckry the Conjurer (Draconian Conjurer)             Turns: 626, Time: 00:02:41

Health: -3/20      AC:  4    Str:  9    XL:     2   Next: 20%
Magic:  5/5        EV: 12    Int: 18    God:
Gold:   50         SH:  0    Dex:  9    Spells: 2/5 levels left

rFire   . . .      SeeInvis .   (no weapon)
rCold   . . .      Faith    .   (no shield)
rNeg    . . .      Spirit   .   (armour unavailable)
rPois   .          Reflect  .   (helmet restricted)
rElec   .          Harm     .   (no cloak)
rCorr   .          Rampage  .   (no gloves)
Will    .....                   (no boots)
Stlth   ++........              (no amulet)
HPRegen 0.06/turn               (no ring)
MPRegen 0.09/turn               (no ring)

@: lethally poisoned (-3 -> -6)
A: AC +4, unfitting armour, cold-blooded
a: no special abilities


You were on level 1 of the Dungeon.
You visited 1 branch of the dungeon, and saw 2 of its levels.

You collected 50 gold pieces.

Inventory:

Scrolls
 a - a scroll of amnesia {unknown}
 b - a scroll of immolation {unknown}
 c - a scroll of magic mapping {unknown}
 e - a scroll of torment {unknown}
 f - a scroll of vulnerability {unknown}
Potions
 d - a potion of magic


   Skills:
 - Level 2.0 Dodging
 - Level 2.0 Stealth
 + Level 2.1 Spellcasting
 * Level 4.2 Conjurations


You had 2 spell levels left.
You knew the following spells:

 Your Spells              Type           Power      Damage    Failure   Level
a - Magic Dart            Conj           68%        1d6       3%          1
b - Searing Ray           Conj           34%        2d5       4%          2

Your spell library contained the following spells:

 Spells                   Type           Power      Damage    Failure   Level
 Dazzling Flash           Conj/Hex       18%        N/A       22%         3
 Fulminant Prism          Conj/Hex       4%         3d6       58%         4
 Iskenderun's Mystic Bla  Conj/Tloc      9%         2d4       58%         4


Dungeon Overview and Level Annotations

Branches:
Dungeon (2/15)

Altars:

Shops:
D:1 [


Innate Abilities, Weirdness & Mutations

Your plain brown scales are hard. (AC +4)
You cannot fit into any form of body armour.
You are cold-blooded and may be slowed by cold attacks.


Message History

Aim: a goblin, wielding a +0 club (100% to hit)
The magic dart hits the goblin.
The goblin is heavily wounded.
Casting: Magic Dart (safe; 3% risk of failure)
Confirm with . or Enter, or press ? or * to list all spells.
Aiming: Magic Dart (safe; 3% risk of failure)
Press: ? - help, Shift-Dir - straight line, f/p - goblin
Aim: a goblin, wielding a +0 club (heavily wounded, 100% to hit)
The magic dart hits the goblin.
You kill the goblin!
The endoplasm quivers.
Magic restored.
The goblin shouts!
Found a dagger.
d - 2 fizzy sapphire potions (gained 1)
Found a red potion.
Found a red potion.
Found 8 gold pieces.
A goblin opens the door.
The scorpion stings you but does no damage.
The scorpion barely misses you. The scorpion stings you!
You are lethally poisoned!
The scorpion poisons you!
You feel very sick.
You feel very sick.
* * * LOW HITPOINT WARNING * * *
You feel sick.
There is a stone staircase leading up here.
* * * LOW HITPOINT WARNING * * *
You feel sick.
The scorpion stings you but does no damage.
You climb upwards.
* * * LOW HITPOINT WARNING * * *
You feel sick.
There is a stone staircase leading down here.
It was a potion of magic.
Magic courses through your body.
* * * LOW HITPOINT WARNING * * *
You feel sick. The scorpion stings you.
You die...

#.....# #.....#≈≈≈≈ #.....#
#.....#≈≈≈≈ #.....######
#.....#≈≈≈. #..........##
#.....#≈≈≈≈ #.>...#.....#
#.....#≈≈.. #.....#.....#
#####.....#≈≈..
#.....#.....###.........#≈≈..
#.....#.....s##.........#≈≈.≈
#######.....@##.........#...≈
#...........>...###≈..≈
#.................#..≈≈
######....#............##.≈≈
#..........(.........###.≈≈≈
#...........#.######.# #.≈≈.
#########........# #.# #..≈≈
##############.#.#.##.# #.###...≈
...............#.#....###.##.....


You could see a scorpion.

Vanquished Creatures
  An endoplasm (D:1)
  A giant cockroach (D:1)
  2 goblins
  A hobgoblin (D:1)
  3 ball pythons
  A bat (D:1)
  A kobold (D:1)
  A rat (D:1)
11 creatures vanquished.

Notes
Turn   | Place    | Note
-------+----------+-------------------------------------------
     0 | D:1      | trckry the Draconian Conjurer began the quest for the Orb.
     0 | D:1      | Reached XP level 1. HP: 14/14 MP: 3/3
   290 | D:1      | Reached XP level 2. HP: 20/20 MP: 3/5
   385 | D:1      | Learned a level 2 spell: Searing Ray
   513 | D:1      | Found Eryzim's Armour Shop.
   604 | D:2      | Noticed a scorpion
   626 | D:1      | HP: 3/20 [poisoned by a scorpion]
   626 | D:1      | Slain by a scorpion

Illustrated notes

Levels and vault maps discovered:
D:1:      dpeg_arrival_more_subterranean_lakeside_camping, layout_rooms,
          serial_shops, nicolae_shop_behind_doors, minmay_misc_feat_diagonals
D:2:      layout_rooms, dreamdust_ecumenical_altar_drowned_temple,
          minmay_fractal_squares_gapless_5

Skill      XL: |  1  2 |
---------------+-------+-----
Stealth        | 2 |  2.0
Dodging        | 2 |  2.0
Spellcasting   | |  2.1
Conjurations   | |  4.2

Action                   || total
-------------------------++-------
 Cast: Magic Dart        ||    18
  Use: Potion            ||     1
Armor: Skin              ||     3
Dodge: Dodged            ||     1
